[Event "HUN-chT Youth 2019"]
[Site "Budapest"]
[Date "2019.10.27"]
[Round "2.35"]
[White "Kiss, Rebeka"]
[Black "Toth, Lili"]
[Result "1-0"]
[ECO "C59"]
[WhiteElo "1743"]
[BlackElo "2199"]
[Annotator "NA"]
[PlyCount "119"]
[EventDate "2019.10.26"]
[EventType "team-tourn"]
[EventCountry "HUN"]
[SourceTitle "playchess.com"]
[Source "ChessBase"]
[SourceQuality "1"]
[TimeControl "5400+30"]

1. e4 e5 2. Nf3 Nc6 3. Bc4 Nf6 4. Ng5 d5 5. exd5 Na5 6. Bb5+ c6 7. dxc6 bxc6 8. Be2 h6 9. Nf3 e4 10. Ne5 Bd6 11. Ng4 Bxg4 {[%emt 0:07:46] C59: Two Knights: 4 Ng5 d5 5 exd5 Na5 5 Bb5+ c6 6 dxc6 bxc6 7 Be2} (11... O-O 12. Nc3 Nxg4 13. Bxg4 f5 14. Be2 Qe7 15. d3 Nb7 16. dxe4 Nc5 17. Bc4+ Kh7 18. Be3 Rb8 19. Rb1 {½-½ (33) Kardis,B (1932)-Ondo,T (2102) Liptovsky Mikulas 2019}) 12. Bxg4 O-O 13. Bh3 Qc7 14. g3 Nc4 $146 ({Predecessor:} 14... Nd5 15. O-O Rae8 16. Bg2 f5 17. d3 Nf6 18. Nc3 exd3 19. Qxd3 {0-1 (53) Nussbaumer,L-Ivekovic,B (1954) Mureck 2009}) 15. O-O Ne5 16. Bg2 Qd7 17. d3 exd3 18. cxd3 Rab8 19. Nc3 Bc5 20. Ne4 Nxe4 21. dxe4 Qd4 22. Qe2 Ba3 23. b3 Qxa1 24. Bxa3 Qd4 25. Bxf8 Rxf8 26. Rd1 Qb6 27. Qd2 Re8 28. Qd4 Qc7 29. f4 Ng6 30. e5 Rc8 31. Kh1 Ne7 32. Qd6 Nf5 33. Qxc7 Rxc7 34. Be4 g6 35. Bxf5 gxf5 36. Rd6 Kg7 37. Kg2 c5 38. Ra6 Rd7 39. Ra5 Rc7 $18 40. Kf3 f6 41. Ra6 fxe5 42. fxe5 c4 43. bxc4 Rxc4 44. Rxa7+ Kg6 45. Ra6+ Kg5 46. h4+ Kh5 47. Rf6 Ra4 48. Rxf5+ Kg6 49. Rf4 Rxa2 50. Re4 Ra8 51. e6 Re8 52. e7 Kf7 53. Kg4 Rxe7 54. Rxe7+ Kxe7 55. Kh5 Kf7 56. Kxh6 Kg8 57. g4 Kh8 58. g5 Kg8 59. g6 Kh8 60. g7+ 1-0

[Event "HUN-chT Youth 2019"]
[Site "Budapest"]
[Date "2019.10.27"]
[Round "3.1"]
[White "Palczert, Botond"]
[Black "Krstulovic, Alex"]
[Result "0-1"]
[ECO "E20"]
[WhiteElo "2039"]
[BlackElo "2324"]
[Annotator "NA"]
[PlyCount "112"]
[EventDate "2019.10.26"]
[EventType "team-tourn"]
[EventCountry "HUN"]
[SourceTitle "playchess.com"]
[Source "ChessBase"]
[SourceQuality "1"]
[TimeControl "5400+30"]

1. d4 Nf6 2. c4 e6 3. Nc3 Bb4 4. Bd2 b6 5. e3 Bb7 6. Nf3 O-O 7. Bd3 d6 8. O-O Nbd7 9. a3 Bxc3 10. Bxc3 Ne4 11. Be1 f5 12. Nd2 Qf6 13. f3 Nxd2 14. Qxd2 Rae8 15. Bg3 Qh6 16. b4 e5 17. d5 c5 18. dxc6 Bxc6 19. Rad1 Ba4 20. Rde1 Rc8 21. Rc1 Bc6 22. Bc2 Kh8 23. Rcd1 Rf6 24. Qe2 Qh5 25. Rd2 f4 26. Bf2 Rh6 27. h3 Qg5 28. Kh2 Nf6 29. exf4 exf4 30. Rd4 Nh5 31. Qe1 Re8 32. Be4 Nf6 33. Bxc6 Rxe1 34. Rxe1 Rg6 35. Rg1 h5 36. h4 Qf5 37. Be4 Nxe4 38. Rxe4 d5 39. cxd5 Qxd5 40. Rge1 Qa2 41. R1e2 Qxa3 42. Bd4 Kh7 43. Be5 Rc6 44. Bxf4 b5 45. Re5 Qxb4 46. Rxh5+ Kg6 47. Rg5+ Kf7 48. g3 Qc4 49. Rge5 b4 50. Re7+ Kg8 51. Re8+ Kh7 52. R2e5 Qf1 53. Re2 b3 54. h5 Rc2 55. Bd2 b2 56. h6 b1=Q 0-1

[Event "HUN-chT Youth 2019"]
[Site "Budapest"]
[Date "2019.10.27"]
[Round "3.1"]
[White "Szabo, Marton Nandor"]
[Black "Palczert, Matyas"]
[Result "0-1"]
[ECO "E06"]
[WhiteElo "1803"]
[BlackElo "2009"]
[Annotator "NA"]
[PlyCount "102"]
[EventDate "2019.10.26"]
[EventType "team-tourn"]
[EventCountry "HUN"]
[SourceTitle "playchess.com"]
[Source "ChessBase"]
[SourceQuality "1"]
[TimeControl "5400+30"]

1. Nf3 Nf6 2. c4 e6 3. d4 d5 4. g3 Be7 5. Bg2 O-O 6. O-O dxc4 7. Qc2 a6 8. Qxc4 b5 9. Qc2 Bb7 10. Bg5 Nbd7 11. Bxf6 Nxf6 12. Nbd2 Rc8 13. Nb3 c5 14. dxc5 Be4 15. Qc1 Bd5 16. Rd1 Ne4 17. Qf4 Qc7 18. Qxc7 Rxc7 19. Nfd2 Nxc5 20. Bxd5 exd5 21. Rac1 Rfc8 22. Nxc5 Rxc5 23. Rxc5 Rxc5 24. Nb3 Rc2 25. Rd2 Rxd2 26. Nxd2 Bf6 27. b3 Kf8 28. Kg2 Bc3 29. Nf1 d4 30. Kf3 f5 31. e4 g6 32. exf5 gxf5 33. Kf4 Ke7 34. Kxf5 Kd6 35. Ke4 Kc5 36. f4 Kb4 37. f5 Ka3 38. f6 Kxa2 39. f7 Bb4 40. Nd2 Bc5 41. Kd5 Bf8 42. Kxd4 Kb2 43. Kd3 a5 44. h4 h5 45. Nc4+ bxc4+ 46. Kxc4 Bb4 47. Kb5 Kxb3 48. f8=Q Bxf8 49. Kxa5 Kc4 50. Kb6 Kd5 51. Kc7 Bd6+ 0-1

[Event "HUN-chT Youth 2019"]
[Site "Budapest"]
[Date "2019.10.27"]
[Round "3.2"]
[White "Losonczi, Marcell"]
[Black "Kozsik, Bende Barnabas"]
[Result "1-0"]
[ECO "B41"]
[WhiteElo "2249"]
[BlackElo "1943"]
[Annotator "NA"]
[PlyCount "118"]
[EventDate "2019.10.26"]
[EventType "team-tourn"]
[EventCountry "HUN"]
[SourceTitle "playchess.com"]
[Source "ChessBase"]
[SourceQuality "1"]
[TimeControl "5400+30"]

1. e4 c5 2. Nf3 e6 3. d4 cxd4 4. Nxd4 a6 5. c4 Nf6 6. Nc3 Qc7 7. Be3 Bb4 8. Nc2 Bxc3+ 9. bxc3 O-O 10. Bd3 d5 11. exd5 exd5 12. c5 Nc6 13. h3 Qa5 14. Qd2 Ne4 15. Bxe4 dxe4 16. Nb4 Be6 17. O-O Rad8 18. Nxc6 bxc6 19. Bd4 f6 20. Qf4 Bd5 21. Rfb1 Rde8 22. Rb7 Rf7 23. Rb2 Qa3 24. Rab1 Rfe7 25. Rb8 e3 26. R1b7 exf2+ 27. Qxf2 Qc1+ 28. Kh2 Qg5 29. Rxe7 Rxb8 30. Re3 Rb7 31. Rg3 Qh6 32. Be3 g5 33. Qf5 Rf7 34. Bd4 Qg6 35. Qc8+ Kg7 36. Qxa6 h5 37. a4 g4 38. Qe2 Kf8 39. a5 f5 40. Re3 Be4 41. a6 Re7 42. Qf2 gxh3 43. a7 Rxa7 44. Rxe4 Qxg2+ 45. Qxg2 hxg2 46. Rf4 Rf7 47. Kxg2 Ke7 48. Rh4 Rh7 49. Kf3 Kf7 50. Kf4 Kg6 51. Rh3 Rf7 52. Rg3+ Kh6 53. Rg8 Kh7 54. Rc8 h4 55. Rxc6 h3 56. Rc8 Kg6 57. Rg8+ Kh6 58. Rh8+ Rh7 59. Rxh7+ Kxh7 {[%emt 0:00:05] Ke4} 1-0

[Event "HUN-chT Youth 2019"]
[Site "Budapest"]
[Date "2019.10.27"]
[Round "3.2"]
[White "Hajdu, Marton Abris"]
[Black "Foldes, Marton Gabor"]
[Result "1/2-1/2"]
[ECO "A46"]
[WhiteElo "1818"]
[BlackElo "1755"]
[Annotator "NA"]
[PlyCount "34"]
[EventDate "2019.10.26"]
[EventType "team-tourn"]
[EventCountry "HUN"]
[SourceTitle "playchess.com"]
[Source "ChessBase"]
[SourceQuality "1"]
[TimeControl "5400+30"]

1. d4 Nf6 2. Nf3 e6 3. e3 c5 4. b3 d5 5. Bb2 Nc6 6. Nbd2 cxd4 7. exd4 Bd6 8. a3 O-O 9. Bd3 Qc7 10. O-O e5 11. dxe5 Nxe5 12. Re1 Nxd3 13. cxd3 Qd8 14. d4 Bg4 15. Qc2 Rc8 16. Qd3 Bh5 17. Ne5 Bg6 1/2-1/2

[Event "HUN-chT Youth 2019"]
[Site "Budapest"]
[Date "2019.10.27"]
[Round "3.3"]
[White "Kelemen, Szabolcs"]
[Black "Tancsa, Tamas"]
[Result "1/2-1/2"]
[ECO "C44"]
[WhiteElo "1960"]
[BlackElo "2082"]
[Annotator "NA"]
[PlyCount "66"]
[EventDate "2019.10.26"]
[EventType "team-tourn"]
[EventCountry "HUN"]
[SourceTitle "playchess.com"]
[Source "ChessBase"]
[SourceQuality "1"]
[TimeControl "5400+30"]

1. e4 e5 2. Nf3 Nc6 3. c3 f5 4. d4 fxe4 5. Nxe5 Nf6 6. Be2 g6 7. Bg5 Bg7 8. Nd2 d5 9. Qb3 Qd6 10. Nxc6 bxc6 11. O-O-O Be6 12. h4 O-O 13. Qc2 a5 14. f3 exf3 15. Nxf3 Nh5 16. Bd3 Nf4 17. Bxf4 Qxf4+ 18. Kb1 Bg4 19. h5 Bxf3 20. gxf3 Qxf3 21. hxg6 h6 22. Rdf1 Qg3 23. Bf5 Qd6 24. Qd2 Rf6 25. Bd3 Raf8 26. Rxf6 Rxf6 27. Re1 Rf8 28. Qe2 c5 29. dxc5 Qxc5 30. Qe6+ Kh8 31. Qd7 c6 32. Re7 Qg1+ 33. Kc2 Qf2+ 1/2-1/2

[Event "HUN-chT Youth 2019"]
[Site "Budapest"]
[Date "2019.10.27"]
[Round "3.3"]
[White "Csernyik, Mark"]
[Black "Nagy, Botond"]
[Result "0-1"]
[ECO "B21"]
[WhiteElo "1749"]
[BlackElo "1281"]
[Annotator "NA"]
[PlyCount "177"]
[EventDate "2019.10.26"]
[EventType "team-tourn"]
[EventCountry "HUN"]
[SourceTitle "playchess.com"]
[Source "ChessBase"]
[SourceQuality "1"]
[TimeControl "5400+30"]

1. e4 c5 2. d4 cxd4 3. c3 dxc3 4. Nxc3 Nc6 5. Nf3 e6 6. Bc4 Qc7 7. Qe2 Bc5 8. O-O Nf6 9. Nb5 Qb8 10. Bg5 Be7 11. e5 a6 12. exf6 axb5 13. fxg7 Rg8 14. Bxb5 Rxg7 15. Bxe7 Nxe7 16. Rfd1 Nf5 17. Rac1 Ke7 18. Qd3 d5 19. Nd4 Nd6 20. Qc3 Bd7 21. Bxd7 Kxd7 22. Nc6 Qg8 23. Ne5+ Ke8 24. g3 Ne4 25. Qc7 f6 26. Qc8+ Rxc8 27. Rxc8+ Ke7 28. Rxg8 Rxg8 29. Nd3 e5 30. Rc1 Kd6 31. f3 Nd2 32. Kf2 Nc4 33. b3 Na5 34. Nc5 b5 35. Nd3 Nb7 36. Ke2 Rg7 37. g4 Rc7 38. Rxc7 Kxc7 39. g5 fxg5 40. Nxe5 Nd6 41. Kd3 Nf5 42. b4 h6 43. Ng4 Kd6 44. Nf2 Nh4 45. Ke3 Nf5+ 46. Kd3 Ke5 47. Nh3 Nh4 48. Ke3 Nf5+ 49. Kd3 Nd6 50. Ke3 Nc4+ 51. Kd3 d4 52. Ng1 Nb2+ 53. Kc2 Nc4 54. Kd3 Nb2+ 55. Kc2 Nc4 56. Kd3 Kd5 57. Ne2 Nb2+ 58. Kd2 Ke5 59. Nc1 Kd5 60. Kc2 Nc4 61. Kd3 Ne5+ 62. Ke2 Kc4 63. Nb3 Kc3 64. Nc5 Kxb4 65. Ne4 Ka3 66. h4 gxh4 67. f4 Nf7 68. Kd3 Kxa2 69. Kxd4 b4 70. Ke3 b3 71. Kf3 Kb2 72. Nd2 h5 73. Kg2 Nh6 74. Nc4+ Kc3 75. Ne3 b2 76. Nd1+ Kc2 77. Nxb2 Kxb2 78. Kf3 Nf5 79. Kg2 Kc3 80. Kh3 Kd4 81. Kg2 Ke3 82. Kh3 Kxf4 83. Kh2 Kf3 84. Kh3 Ng3 85. Kxh4 Kg2 86. Kg5 Kh3 87. Kf4 h4 88. Kf3 Ne4 89. Kf4 0-1

[Event "HUN-chT Youth 2019"]
[Site "Budapest"]
[Date "2019.10.27"]
[Round "3.4"]
[White "Forgacs, Attila Jr."]
[Black "Tancz, Janos"]
[Result "1-0"]
[ECO "B38"]
[WhiteElo "2104"]
[BlackElo "1486"]
[Annotator "NA"]
[PlyCount "93"]
[EventDate "2019.10.26"]
[EventType "team-tourn"]
[EventCountry "HUN"]
[SourceTitle "playchess.com"]
[Source "ChessBase"]
[SourceQuality "1"]
[TimeControl "5400+30"]

1. e4 c5 2. Nf3 Nc6 3. d4 cxd4 4. Nxd4 g6 5. c4 Bg7 6. Be3 Nf6 7. Nc3 O-O 8. f3 d6 9. Be2 Bd7 10. Qd2 Qa5 11. O-O Rac8 12. Rac1 a6 13. Rfd1 Qd8 14. a3 Na5 15. b4 Nxc4 16. Bxc4 Rxc4 17. Qd3 b5 18. Nb3 Be6 19. e5 Nd7 20. exd6 exd6 21. Na5 Rxc3 22. Rxc3 Bxc3 23. Qxc3 Qc8 24. Nc6 Qe8 25. Bh6 f6 26. Bxf8 Qxf8 27. Re1 Ne5 28. Nxe5 dxe5 29. Qc6 Qc8 30. Qxc8+ Bxc8 31. Rc1 Bb7 32. Rc7 Bd5 33. Ra7 Bc4 34. Rxa6 Kg7 35. Ra7+ Kh6 36. a4 bxa4 37. Rxa4 f5 38. Ra5 e4 39. fxe4 fxe4 40. Re5 Kg7 41. Rxe4 Bd3 42. Re7+ Kg8 43. Rb7 h5 44. b5 Kf8 45. b6 Ke8 46. Rh7 Be4 47. b7 1-0

[Event "HUN-chT Youth 2019"]
[Site "Budapest"]
[Date "2019.10.27"]
[Round "3.4"]
[White "Nagy, Levente"]
[Black "Karacsonyi, Bank"]
[Result "0-1"]
[ECO "B90"]
[WhiteElo "2092"]
[BlackElo "1513"]
[Annotator "NA"]
[PlyCount "76"]
[EventDate "2019.10.26"]
[EventType "team-tourn"]
[EventCountry "HUN"]
[SourceTitle "playchess.com"]
[Source "ChessBase"]
[SourceQuality "1"]
[TimeControl "5400+30"]

1. e4 c5 2. Nf3 d6 3. d4 cxd4 4. Nxd4 Nf6 5. Nc3 a6 6. Bd3 e5 7. Nb3 Be6 8. Bg5 Nc6 9. Nd5 Be7 10. Nxe7 Qxe7 11. Qd2 O-O 12. O-O b5 13. Rfe1 Rac8 14. Re3 h6 15. Bh4 g5 16. Bg3 Rfd8 17. h3 d5 18. exd5 Bxd5 19. Qe2 e4 20. Qe1 Re8 21. c3 Nh5 22. Bh2 f5 23. Qd1 Nf6 24. Rc1 Rcd8 25. Qf1 Bxb3 26. axb3 Rxd3 27. Rxd3 exd3 28. Qxd3 Qe4 29. Qf1 f4 30. f3 Qe3+ 31. Kh1 Qe2 32. Qxe2 Rxe2 33. Rb1 Ne5 34. Bg1 Nh5 35. Bd4 Ng3+ 36. Kg1 Nd3 37. c4 Rc2 38. cxb5 Ne2+ 0-1

[Event "HUN-chT Youth 2019"]
[Site "Budapest"]
[Date "2019.10.27"]
[Round "3.5"]
[White "Karacsonyi, Luca"]
[Black "Toth, Timea"]
[Result "1/2-1/2"]
[ECO "B30"]
[WhiteElo "1556"]
[BlackElo "1964"]
[Annotator "NA"]
[PlyCount "131"]
[EventDate "2019.10.26"]
[EventType "team-tourn"]
[EventCountry "HUN"]
[SourceTitle "playchess.com"]
[Source "ChessBase"]
[SourceQuality "1"]
[TimeControl "5400+30"]

1. e4 c5 2. Nf3 Nc6 3. Nc3 g6 4. h4 Nf6 5. e5 Ng4 6. Ne4 Ngxe5 7. Nxc5 Bg7 8. Nxe5 Nxe5 9. d4 Nc6 10. Be3 d6 11. Ne4 Nb4 12. c3 Bf5 13. Bb5+ Nc6 14. Ng3 Bd7 15. h5 Qc7 16. d5 Ne5 17. Bxd7+ Qxd7 18. Bd4 O-O 19. f4 Qg4 20. Qxg4 Nxg4 21. Bxg7 Kxg7 22. Ke2 Nf6 23. c4 Rac8 24. b3 a6 25. Kd3 b5 26. hxg6 fxg6 27. Rhe1 Rfe8 28. Kd4 Kf7 29. cxb5 axb5 30. Rec1 h6 31. a4 bxa4 32. bxa4 Nd7 33. Rc6 Nb8 34. Rc4 Na6 35. Ne4 Rxc4+ 36. Kxc4 Rb8 37. Nd2 Rb4+ 38. Kc3 Rxf4 39. Rf1 Rxf1 40. Nxf1 Ke8 41. Kc4 Kd7 42. Kb5 Nc7+ 43. Kc4 Kc8 44. a5 Kb7 45. Nd2 Ka6 46. Nb3 h5 47. Kd4 g5 48. Ke4 Kb5 49. Kf5 g4 50. g3 Nxd5 51. Ke6 Ne3 52. Nd4+ Kxa5 53. Kxe7 d5 54. Ne6 Nf5+ 55. Kf6 Nxg3 56. Ke5 h4 57. Kf4 h3 58. Kxg3 Kb4 59. Nd4 Kc4 60. Nf5 d4 61. Kxg4 h2 62. Ng3 d3 63. Kf3 Kc3 64. Kg2 Kd4 65. Nf1 Ke4 66. Kxh2 1/2-1/2

[Event "HUN-chT Youth 2019"]
[Site "Budapest"]
[Date "2019.10.27"]
[Round "3.5"]
[White "Palczert, Hajnalka"]
[Black "Toth, Nikoletta"]
[Result "0-1"]
[ECO "A06"]
[WhiteElo "1531"]
[BlackElo "1965"]
[Annotator "NA"]
[PlyCount "66"]
[EventDate "2019.10.26"]
[EventType "team-tourn"]
[EventCountry "HUN"]
[SourceTitle "playchess.com"]
[Source "ChessBase"]
[SourceQuality "1"]
[TimeControl "5400+30"]

1. Nf3 d5 2. g3 g6 3. Bg2 Bg7 4. d4 Nf6 5. O-O O-O 6. c4 dxc4 7. Qa4 Be6 8. Na3 c6 9. Bf4 b5 10. Qd1 Bd5 11. Nc2 Nbd7 12. Rc1 Nb6 13. Qd2 a5 14. Ne3 Ra7 15. Rfd1 Ne4 16. Qc2 h6 17. Ng4 g5 18. Bd2 Nf6 19. Nxf6+ exf6 20. Be3 Re8 21. Rd2 Be4 22. Qd1 Nd5 23. Qe1 Rae7 24. Rdd1 Nxe3 25. fxe3 Bd5 26. Qd2 h5 27. a3 Bh6 28. Kh1 g4 29. Nh4 Bxe3 30. Qc2 Bxc1 31. Qxc1 Rxe2 32. Rg1 Bxg2+ 33. Nxg2 Qxd4 0-1

[Event "HUN-chT Youth 2019"]
[Site "Budapest"]
[Date "2019.10.27"]
[Round "3.6"]
[White "Bernath, Bence"]
[Black "Kreiter, Lilla"]
[Result "1-0"]
[ECO "B38"]
[WhiteElo "2004"]
[BlackElo "1280"]
[Annotator "NA"]
[PlyCount "73"]
[EventDate "2019.10.26"]
[EventType "team-tourn"]
[EventCountry "HUN"]
[SourceTitle "playchess.com"]
[Source "ChessBase"]
[SourceQuality "1"]
[TimeControl "5400+30"]

1. e4 c5 2. Nf3 Nc6 3. d4 cxd4 4. Nxd4 g6 5. c4 Bg7 6. Be3 e6 7. Nc3 Nge7 8. Qd2 O-O 9. Be2 d5 10. cxd5 exd5 11. exd5 Nxd5 12. Nxd5 Qxd5 13. Bf3 Qd7 14. Nxc6 bxc6 15. Rd1 Qxd2+ 16. Rxd2 Rb8 17. O-O Rxb2 18. Rxb2 Bxb2 19. Rb1 Be5 20. Bxa7 Bf5 21. Re1 Ra8 22. Bc5 Rxa2 23. g4 Bxg4 24. Bxg4 Ra1 25. Rxa1 Bxa1 26. Kf1 Kg7 27. Ke2 Kf6 28. Bd7 Be5 29. h3 Kg5 30. Kf3 Kh4 31. Kg2 f5 32. Bxc6 g5 33. Bd7 f4 34. f3 Kh5 35. Kf2 h6 36. Be8+ Kh4 37. Kg2 1-0

[Event "HUN-chT Youth 2019"]
[Site "Budapest"]
[Date "2019.10.27"]
[Round "3.6"]
[White "Bod, Marton"]
[Black "Szarvas, Nora"]
[Result "0-1"]
[ECO "B80"]
[WhiteElo "1131"]
[BlackElo "1274"]
[Annotator "NA"]
[PlyCount "108"]
[EventDate "2019.10.26"]
[EventType "team-tourn"]
[EventCountry "HUN"]
[SourceTitle "playchess.com"]
[Source "ChessBase"]
[SourceQuality "1"]
[TimeControl "5400+30"]

1. e4 c5 2. Nf3 d6 3. d4 cxd4 4. Nxd4 Nf6 5. Nc3 e6 6. Bg5 Be7 7. Qd2 Nbd7 8. O-O-O h6 9. Bh4 Ng4 10. Bxe7 Qxe7 11. h3 Nge5 12. Ndb5 O-O 13. Nxd6 Rd8 14. f4 Nc6 15. g4 Nf6 16. e5 Ne8 17. f5 exf5 18. Nxf5 Bxf5 19. Qf4 Rxd1+ 20. Nxd1 Bg6 21. h4 Qxe5 22. Qxe5 Nxe5 23. h5 Be4 24. Rh2 Nc6 25. Bc4 Nf6 26. Nc3 Re8 27. Nxe4 Rxe4 28. Rd2 Re1+ 29. Rd1 Rxd1+ 30. Kxd1 Nxg4 31. Ke2 Nf6 32. Kf2 Nxh5 33. c3 Ne5 34. Be2 Nf4 35. Bb5 Nfd3+ 36. Ke3 Nxb2 37. a4 g5 38. Ke4 Nc6 39. Bd3 Nxd3 40. Kxd3 f5 41. Ke3 h5 42. Kf3 h4 43. Kg2 g4 44. c4 f4 45. Kg1 h3 46. Kh2 f3 47. Kg1 g3 48. c5 f2+ 49. Kf1 h2 50. Ke2 h1=Q 51. Kd3 f1=Q+ 52. Kc3 Qhf3+ 53. Kd2 Q1e2+ 54. Kc1 Qff1# 0-1

[Event "HUN-chT Youth 2019"]
[Site "Budapest"]
[Date "2019.10.27"]
[Round "3.7"]
[White "Tubak, Daniel"]
[Black "Papp, Bence"]
[Result "1-0"]
[ECO "B07"]
[WhiteElo "2219"]
[BlackElo "2184"]
[Annotator "NA"]
[PlyCount "131"]
[EventDate "2019.10.26"]
[EventType "team-tourn"]
[EventCountry "HUN"]
[SourceTitle "playchess.com"]
[Source "ChessBase"]
[SourceQuality "1"]
[TimeControl "5400+30"]

1. e4 d6 2. d4 Nf6 3. Nc3 e5 4. dxe5 dxe5 5. Qxd8+ Kxd8 6. Bc4 Be6 7. Bxe6 fxe6 8. f3 Bc5 9. Bg5 Nbd7 10. Nge2 Ke7 11. Nc1 Bd4 12. Nd1 h6 13. Be3 g5 14. Nd3 g4 15. c3 Bb6 16. Bxb6 axb6 17. Ne3 gxf3 18. gxf3 Rhg8 19. Ke2 Nh5 20. Ng4 Nf4+ 21. Ke3 Raf8 22. Raf1 Nxd3 23. Kxd3 Nc5+ 24. Ke3 Ra8 25. a3 h5 26. Nxe5 Rg2 27. Rf2 Rxf2 28. Kxf2 Kf6 29. Nc4 b5 30. Nd2 Nd3+ 31. Ke3 Nxb2 32. Rb1 Nc4+ 33. Nxc4 bxc4 34. Rxb7 Rd8 35. Rxc7 Rd3+ 36. Kf4 e5+ 37. Kg3 Rxc3 38. a4 Ke6 39. a5 Kd6 40. Rc8 Kd7 41. Rc5 Kd6 42. Rd5+ Ke6 43. a6 Ra3 44. Rc5 Rxa6 45. Rxc4 Kf7 46. Rc7+ Kf6 47. Rc8 Re6 48. Rf8+ Kg6 49. Rf5 Re8 50. Kh4 Re7 51. Rg5+ Kf6 52. h3 Ra7 53. Kxh5 Ra1 54. Rf5+ Ke6 55. h4 Rg1 56. Rg5 Rf1 57. Rg3 Kf6 58. Kg4 Rf2 59. Rg1 Kg6 60. Ra1 Rg2+ 61. Kh3 Rb2 62. Ra6+ Kh5 63. Re6 Rb5 64. Rf6 Ra5 65. Rf5+ Kh6 66. Kg4 1-0

[Event "HUN-chT Youth 2019"]
[Site "Budapest"]
[Date "2019.10.27"]
[Round "3.7"]
[White "Turcsanyi, Vince Gergo"]
[Black "Markus, Molli Amina"]
[Result "1/2-1/2"]
[ECO "C00"]
[WhiteElo "1810"]
[BlackElo "1614"]
[Annotator "NA"]
[PlyCount "108"]
[EventDate "2019.10.26"]
[EventType "team-tourn"]
[EventCountry "HUN"]
[SourceTitle "playchess.com"]
[Source "ChessBase"]
[SourceQuality "1"]
[TimeControl "5400+30"]

1. e4 e6 2. Qe2 d5 3. exd5 Qxd5 4. Nc3 Qd8 5. g3 Nf6 6. Bg2 Be7 7. Nf3 O-O 8. O-O c5 9. d3 Nc6 10. Rd1 a6 11. a4 Qc7 12. Be3 Rb8 13. d4 cxd4 14. Nxd4 Nxd4 15. Bxd4 Ra8 16. Be5 Qc5 17. Rab1 Nd7 18. Bd4 Qc7 19. Nd5 exd5 20. Qxe7 Qxc2 21. Qg5 Qg6 22. Qxg6 hxg6 23. Bxd5 Nf6 24. Bxf6 gxf6 25. Rbc1 Rb8 26. Rc7 b6 27. Re1 Bh3 28. Ree7 Rbd8 29. Rxf7 Rxf7 30. Bxf7+ Kh8 31. Rc1 Kg7 32. Bb3 Rd2 33. Bc2 a5 34. b3 Be6 35. Kf1 Rd5 36. Rd1 Rc5 37. Rd2 Rc3 38. Kg2 Bxb3 39. Bxb3 Rxb3 40. Ra2 Kf7 41. h4 Ke6 42. g4 Ke5 43. f3 Kf4 44. Rc2 Rb4 45. Ra2 Ke5 46. Kg3 f5 47. h5 gxh5 48. gxh5 Kf6 49. Rh2 Kg7 50. Rd2 Kh6 51. Rd5 Kxh5 52. Rxf5+ Kg6 53. Rd5 Rxa4 54. Rd6+ Kf5 1/2-1/2

[Event "HUN-chT Youth 2019"]
[Site "Budapest"]
[Date "2019.10.27"]
[Round "3.8"]
[White "Leszko, Bence"]
[Black "Kelemen, David"]
[Result "1-0"]
[ECO "B31"]
[WhiteElo "2201"]
[BlackElo "2166"]
[Annotator "NA"]
[PlyCount "117"]
[EventDate "2019.10.26"]
[EventType "team-tourn"]
[EventCountry "HUN"]
[SourceTitle "playchess.com"]
[Source "ChessBase"]
[SourceQuality "1"]
[TimeControl "5400+30"]

1. e4 c5 2. Nf3 Nc6 3. Bb5 g6 4. Bxc6 dxc6 5. d3 Bg7 6. O-O Nf6 7. Nc3 O-O 8. Be3 Nd7 9. Qd2 e5 10. Bh6 Re8 11. Bxg7 Kxg7 12. a3 Nf8 13. b4 Bg4 14. Ne1 cxb4 15. axb4 Qd4 16. Rb1 Rad8 17. h3 Bc8 18. Nf3 Qd6 19. Qe3 a6 20. Ne2 Ne6 21. Nd2 Nf4 22. Nc4 Qf6 23. Nxf4 exf4 24. Qf3 g5 25. e5 Qg6 26. Rfe1 Re7 27. Nd6 Be6 28. Qe4 Qxe4 29. Rxe4 Kg6 30. f3 f6 31. exf6 Kxf6 32. Rd4 Red7 33. Ne4+ Kf5 34. Rxd7 Rxd7 35. Re1 b6 36. Nxg5 Kxg5 37. Rxe6 Rc7 38. d4 c5 39. dxc5 bxc5 40. Re5+ Kf6 41. Re4 cxb4 42. Rxf4+ Ke5 43. Rxb4 Rxc2 44. Ra4 Rc6 45. f4+ Kd5 46. Kh2 Kc5 47. g4 Kb5 48. Ra1 a5 49. f5 Rf6 50. Kg3 a4 51. Kf4 Kb4 52. g5 Rf8 53. f6 Kb3 54. Kf5 a3 55. h4 Kb2 56. Rxa3 Kxa3 57. h5 Kb4 58. g6 Rc8 59. f7 1-0

[Event "HUN-chT Youth 2019"]
[Site "Budapest"]
[Date "2019.10.27"]
[Round "3.8"]
[White "Vadkerti, Vince"]
[Black "Lazsadi, Kerka Lilla"]
[Result "0-1"]
[ECO "C05"]
[WhiteElo "1531"]
[BlackElo "1561"]
[Annotator "NA"]
[PlyCount "54"]
[EventDate "2019.10.26"]
[EventType "team-tourn"]
[EventCountry "HUN"]
[SourceTitle "playchess.com"]
[Source "ChessBase"]
[SourceQuality "1"]
[TimeControl "5400+30"]

1. e4 e6 2. d4 d5 3. Nd2 Nf6 4. e5 Nfd7 5. Ngf3 c5 6. c3 Nc6 7. b3 Qb6 8. Bb2 Be7 9. Bd3 O-O 10. O-O f6 11. Qc2 f5 12. Rfe1 cxd4 13. cxd4 Nb4 14. Qb1 Re8 15. a3 Nxd3 16. Qxd3 Nf8 17. a4 Bd7 18. a5 Qb5 19. Qxb5 Bxb5 20. Ba3 Bxa3 21. Rxa3 Rac8 22. Raa1 Nd7 23. Rac1 Nb8 24. Ng5 Nc6 25. b4 Nxd4 26. Ngf3 Rxc1 27. Rxc1 Ne2+ 0-1

[Event "HUN-chT Youth 2019"]
[Site "Budapest"]
[Date "2019.10.27"]
[Round "3.9"]
[White "Koszta, Benedek"]
[Black "Tapodi, Norman Lajos"]
[Result "1/2-1/2"]
[ECO "B90"]
[WhiteElo "2043"]
[BlackElo "2102"]
[Annotator "NA"]
[PlyCount "45"]
[EventDate "2019.10.26"]
[EventType "team-tourn"]
[EventCountry "HUN"]
[SourceTitle "playchess.com"]
[Source "ChessBase"]
[SourceQuality "1"]
[TimeControl "5400+30"]

1. e4 c5 2. Nf3 d6 3. d4 cxd4 4. Nxd4 Nf6 5. Nc3 a6 6. Be3 e5 7. Nb3 Be7 8. f3 Be6 9. Qd2 O-O 10. O-O-O b5 11. g4 b4 12. Nd5 Bxd5 13. exd5 a5 14. Kb1 a4 15. Nc1 Qa5 16. g5 Nfd7 17. h4 Na6 18. Bxa6 Rxa6 19. h5 Nc5 20. g6 Bf6 21. gxh7+ Kh8 22. Bg5 Qd8 23. Be3 1/2-1/2

[Event "HUN-chT Youth 2019"]
[Site "Budapest"]
[Date "2019.10.27"]
[Round "3.9"]
[White "Kovacs, Kristof"]
[Black "Puskas, Mihaly"]
[Result "1/2-1/2"]
[ECO "C70"]
[WhiteElo "1547"]
[BlackElo "1480"]
[Annotator "NA"]
[PlyCount "57"]
[EventDate "2019.10.26"]
[EventType "team-tourn"]
[EventCountry "HUN"]
[SourceTitle "playchess.com"]
[Source "ChessBase"]
[SourceQuality "1"]
[TimeControl "5400+30"]

1. e4 e5 2. Nf3 Nc6 3. Bb5 a6 4. Ba4 b5 5. Bb3 d6 6. O-O Bg4 7. c3 Nf6 8. d3 Qd7 9. Bg5 Be7 10. a4 O-O 11. Nbd2 h6 12. Be3 Na5 13. Bc2 c6 14. Qe2 d5 15. Rfd1 Qe6 16. b4 Nb7 17. Nf1 Rfd8 18. Ng3 c5 19. bxc5 Nxc5 20. Bxc5 Bxc5 21. d4 exd4 22. e5 Bxf3 23. Qxf3 Qxe5 24. cxd4 Bxd4 25. Re1 Bxa1 26. Rxe5 Bxe5 27. Nf5 Kf8 28. axb5 axb5 29. g3 1/2-1/2

[Event "HUN-chT Youth 2019"]
[Site "Budapest"]
[Date "2019.10.27"]
[Round "3.10"]
[White "Daroczi, Donat"]
[Black "Megyaszai, Balazs"]
[Result "1-0"]
[ECO "D37"]
[WhiteElo "1976"]
[BlackElo "1894"]
[Annotator "NA"]
[PlyCount "75"]
[EventDate "2019.10.26"]
[EventType "team-tourn"]
[EventCountry "HUN"]
[SourceTitle "playchess.com"]
[Source "ChessBase"]
[SourceQuality "1"]
[TimeControl "5400+30"]

1. d4 d5 2. c4 e6 3. Nc3 Nf6 4. Nf3 Be7 5. Bf4 c6 6. e3 O-O 7. h3 Nbd7 8. Qc2 Re8 9. c5 b6 10. cxb6 axb6 11. a4 Bb7 12. Bd3 h6 13. O-O Rc8 14. Qb1 Nf8 15. Ne5 Bd6 16. Rc1 Qe7 17. Bh2 Red8 18. b3 c5 19. Nb5 Bb8 20. Qb2 Ne8 21. Nf3 Bxh2+ 22. Kxh2 Nd6 23. Kg1 Nd7 24. a5 bxa5 25. Rxa5 cxd4 26. Rxc8 Nxc8 27. Nfxd4 Nf6 28. Qc2 Qd7 29. Qd2 Ne7 30. Ra7 Nc6 31. Nxc6 Qxc6 32. Qa5 Rf8 33. Nd4 Qc1+ 34. Kh2 Bc8 35. Rc7 Qd1 36. Qc3 Bd7 37. Ra7 Rc8 38. Rxd7 1-0